 Dungeon Crawl Stone Soup version 0.30-a0-696-g2367cd04db (webtiles) character file.

Game seed: 12511342609485800043

412 wormed the Caller (level 6, -1/41 HPs)
             Began as a Demonspawn Summoner on Jan 20, 2023.
             Slain by Pikel
             ... wielding a +0 whip of flaming
              (3 damage)
             ... on level 4 of the Dungeon.
             The game lasted 00:07:23 (2683 turns).

wormed the Caller (Demonspawn Summoner)             Turns: 2683, Time: 00:07:23

Health: -1/41      AC:  5    Str:  8    XL:     6   Next: 59%
Magic:  2/12       EV: 12    Int: 18    God:
Gold:   181        SH:  0    Dex: 14    Spells: 2/13 levels left

rFire   . . .      SeeInvis .    (no weapon)
rCold   . . .      Faith    .    (no shield)
rNeg    . . .      Spirit   .    a - +0 robe
rPois   .          Reflect  .    i - +2 hat
rElec   .          Harm     .    (no cloak)
rCorr   .          Rampage  .    (no gloves)
Will    .....                    m - +0 pair of boots
Stlth   ++                       c - amulet of magic regeneration
HPRegen 0.26/turn                u - ring of wizardry
MPRegen 0.53/turn                (no ring)

@: brilliant, very slightly contaminated
A: antennae 1, powered by death 1, condensation shield, demonic touch 1
a: no special abilities


You were on level 4 of the Dungeon.
You visited 1 branch of the dungeon, and saw 4 of its levels.

You collected 181 gold pieces.

Inventory:

Armour
 a - a +0 robe (worn)
 i - a +2 hat (worn)
 m - a +0 pair of boots (worn)
Jewellery
 c - an amulet of magic regeneration (around neck)
 h - an amulet of reflection
 s - a ring of ice
 u - a ring of wizardry (left hand)
Scrolls
 b - 6 scrolls of identify {unknown}
 f - 4 scrolls of blinking {unknown}
 k - a scroll of fear {unknown}
 l - 3 scrolls of magic mapping
 q - a scroll of enchant armour {unknown}
 w - 3 scrolls of noise {unknown}
 x - a scroll of teleportation {unknown}
Potions
 d - a potion of haste {unknown}
 e - 2 potions of brilliance
 g - 2 potions of degeneration {unknown}
 j - a potion of mutation {unknown}
 n - 4 potions of curing {unknown}
 o - a potion of invisibility {unknown}
 p - 2 potions of flight {unknown}
 r - a potion of cancellation {unknown}
 t - a potion of magic
 v - a potion of berserk rage {unknown}


   Skills:
 - Level 1.7 Dodging
 - Level 1.7 Stealth
 + Level 4.0 Spellcasting
 + Level 3.7 Hexes
 + Level 5.6 Summonings
 + Level 0.0 Air Magic


You had 2 spell levels left.
You knew the following spells:

 Your Spells              Type           Power      Damage    Failure   Level
a - Summon Small Mammal   Summ           100%       N/A       1%          1
b - Call Canine Familiar  Summ           36%        N/A       1%          3
c - Summon Guardian Gole  Hex/Summ       30%        N/A       2%          3
d - Summon Lightning Spi  Summ/Air       20%        N/A       17%         4

Your spell library contained the following spells:

 Spells                   Type           Power      Damage    Failure   Level
 Call Imp                 Summ           36%        N/A       1%          2
 Sublimation of Blood     Necr           5%         N/A       9%          2
 Petrify                  Tmut/Erth      5%         N/A       47%         4
 Irradiate                Conj/Tmut      2%         3d12      82%         5


Dungeon Overview and Level Annotations

Branches:
Dungeon (4/15)
 Temple: D:4-7

Altars:

Shops:
D:3 (

Annotations:
D:4 3 runed translucent doors, Pikel; zinnoa's ghost, amateur FeEn


Innate Abilities, Weirdness & Mutations

You have a pair of small antennae on your head.
You regenerate a little health from kills.
A meltable shield of frost defends you. (SH +0)
Your touch may inflict minor irresistible damage on your foes.


Message History

Your hound bites the lemure.
The lemure misses your hound.
Your hound barely misses the lemure.
The lemure hits your lightning spire.
Your lightning spire is destroyed!
Your lightning spire disappears in a puff of smoke!
Your hound closely misses the lemure.
Pikel hits you with a +0 whip of flaming!
Pikel burns you. The lemure barely misses your hound.
Your hound bites the lemure.
The nameless horror hits you.
You feel your power leaking away.
You hit Pikel but do no damage.
Pikel is almost dead.
Pikel hits you with a +0 whip of flaming.
Pikel burns you.
* * * LOW HITPOINT WARNING * * *
Your hound bites the lemure.
Send 'em back where they came from!
Your hound shudders.
It was a potion of brilliance.
You feel clever all of a sudden.
Your hound bites the lemure.
Pikel hits you with a +0 whip of flaming.
* * * LOW HITPOINT WARNING * * *
Pikel burns you.
* * * LOW HITPOINT WARNING * * *
Your hound bites the lemure.
The nameless horror hits you!
* * * LOW HITPOINT WARNING * * *
You feel your power leaking away.
Casting: Summon Lightning Spire (quite dangerous; 17% risk of failure)
Confirm with . or Enter, or press ? or * to list all spells.
You don't have enough magic to cast this spell.
Your hound bites the lemure.
The nameless horror attacks as you move away!
The nameless horror hits you but does no damage.
Your hound bites the lemure but does no damage.
The nameless horror attacks as you move away!
The nameless horror hits you.
* * * LOW HITPOINT WARNING * * *
Pikel attacks as you move away!
Pikel hits you with a +0 whip of flaming.
You die...

##.#...)..####......# #######
#.#..#.)))....####.# .).o..#
######.#..#...###..####.#
...##.###....................##.#
.#.o....))......h##...###..#.##..
####.#)#######55..........#....>
.####....# #.5#....####.......
........># #XK#.#..# #######.
######...# #.@#.#..# ####.
#...######......########8.#.
#........####.### ....#..#.
######...####.#......# .##..#..##
........).......##...# .8#.o#..#
..........[.....##.#.# .##..#..#
.<..............##...#{...#.#..#
####.#..............## ..W#o+..##
#.#...#.####.##.### .8o#o+...#


You could see a nameless horror, Pikel, 3 lemures and a friendly hound
(summoned).

Vanquished Creatures
  2 adders (D:2)
  An orc (D:3)
  An endoplasm (D:1)
  3 goblins
  2 hobgoblins (D:2)
  A quokka (D:1)
10 creatures vanquished.

Vanquished Creatures (collateral kills)
  Sigmund (D:4)
  A lemure (D:4)
  A scorpion (D:3)
  2 orc priests (D:4)
  An orc wizard (D:4)
  4 adders (D:3)
  7 orcs (D:4)
  An endoplasm (D:3)
  A giant cockroach (D:1)
  4 hobgoblins
  3 kobolds
  4 quokkas
  2 ball pythons
  2 bats
  A frilled lizard (D:3)
  6 goblins
  7 rats
48 creatures vanquished.

Grand Total: 58 creatures vanquished

Notes
Turn   | Place    | Note
-------+----------+-------------------------------------------
     0 | D:1      | wormed the Demonspawn Summoner began the quest for the Orb.
     0 | D:1      | Reached XP level 1. HP: 13/13 MP: 3/3
   492 | D:1      | Discovered your monstrous ancestry.
   492 | D:1      | Gained mutation: Your touch may inflict minor irresistible
                  | damage on your foes. [demonic ancestry]
   492 | D:1      | Reached XP level 2. HP: 19/19 MP: 1/5
   972 | D:2      | Reached skill level 1 in Hexes
  1147 | D:2      | Gained mutation: A meltable shield of frost defends you.
                  | (SH +0) [demonic ancestry]
  1147 | D:2      | Reached XP level 3. HP: 24/24 MP: 6/6
  1153 | D:2      | Learned a level 3 spell: Call Canine Familiar
  1539 | D:3      | Found Kedwusch's Antique Weapon Boutique.
  1689 | D:3      | Gained mutation: You regenerate a little health from kills.
                  | [demonic ancestry]
  1689 | D:3      | Reached XP level 4. HP: 30/30 MP: 6/8
  1774 | D:3      | Noticed a scorpion
  1779 | D:3      | Learned a level 3 spell: Summon Guardian Golem
  1829 | D:3      | Killed a scorpion
  1830 | D:3      | Gained mutation: You have a pair of small antennae on your
                  | head. [demonic ancestry]
  1830 | D:3      | Reached XP level 5. HP: 33/35 MP: 9/9
  2194 | D:4      | Noticed Sigmund
  2235 | D:4      | Killed Sigmund
  2236 | D:4      | Reached skill level 5 in Summonings
  2236 | D:4      | Reached XP level 6. HP: 41/41 MP: 8/11
  2540 | D:4      | Found a runed translucent gate.
  2540 | D:4      | Found a runed translucent gate.
  2540 | D:4      | Found a runed translucent gate.
  2544 | D:4      | Noticed zinnoa's ghost (amateur FeEn)
  2546 | D:4      | Identified the +10 whip of Zuiriqab {heavy, rF- rN+ Int+3
                  | Dex+5}
  2619 | D:4      | Learned a level 4 spell: Summon Lightning Spire
  2654 | D:4      | Noticed Pikel
  2682 | D:4      | HP: 2/41 [nameless horror[miscasting Summon Lightning
                  | Spire] (2)]
  2683 | D:4      | Slain by Pikel

Illustrated notes

Levels and vault maps discovered:
D:1:      scummos_arrival_simple_fountains, layout_basic, serial_corexii_hall,
          corexii_hall_statues_x, corexii_hall_statues_t,
          minmay_misc_feat_rugged
D:2:      layout_rooms, st_stairs_8, minmay_misc_feat_tiny
D:3:      kennysheep_big_flooded_room, layout_rooms, serial_shops,
          nicolae_shop_behind_doors, minmay_misc_feat_doors, dk_noncrumbling_3,
          chequers_serial_rivers_room_a, kennysheep_generic_room_4
D:4:      layout_loops_cross, biasface_ghost_orc_armoury, minmay_rat_hole,
          uniq_sigmund, uniq_pikel

Skill      XL: |  1  2  3  4  5  6 |
---------------+-------------------+-----
Hexes          | 1 2 3 |  3.7
Spellcasting   | 3 4 |  4.0
Summonings     | 5 |  5.6
Dodging        | |  1.7
Stealth        | |  1.7

Action                   |  1- 3 |  4- 6 || total
-------------------------+-------+-------++-------
Melee: Unarmed           |    54 |     6 ||    60
       Touch             |     8 |     2 ||    10
       Punch             |     2 |       ||     2
 Cast: Summon Small Mamm |    39 |     9 ||    48
       Call Canine Famil |     8 |    18 ||    26
       Summon Guardian G |       |     3 ||     3
       Summon Lightning  |       |     3 ||     3
  Use: Scroll            |     2 |       ||     2
       Potion            |     1 |     1 ||     2
 Stab: Sleeping          |     1 |       ||     1
Armor: Robe              |    16 |     4 ||    20
Dodge: Dodged            |    43 |    13 ||    56
Block: Other             |     5 |     1 ||     6

Table legend: (Time is in decaauts)
 A = Elapsed time spent in this place.
 B = Non-inter-level travel time spent in this place.
 C = Inter-level travel time spent in this place.
 D = Time resting spent in this place.
 E = Time spent auto-exploring this place.
 F = Levels seen in this place.
 G = Mean time per level.
                   A        B        C        D        E       F      G
               +--------+--------+--------+--------+--------+-----+--------+
         Total |   2681 |   2571 |    110 |      0 |   1807 |   4 |  670.2 |
       Dungeon |   2681 |   2571 |    110 |      0 |   1807 |   4 |  670.2 |
               +--------+--------+--------+--------+--------+-----+--------+

Top non-repeatable levels by time:
     D:1: 933 daAuts
     D:3: 672 daAuts
     D:2: 568 daAuts
     D:4: 507 daAuts
